 Dungeon Crawl Stone Soup version 0.26.0-18-gc5c842f807 (webtiles) character file.

Game seed: 16165449291630430032

957 gimp the Shield-Bearer (level 8, -19/49 HPs)
             Began as a Gargoyle Fighter on Jan 24, 2021.
             Was a Follower of Okawaru.
             Engulfed by a cloud of flame (28 damage)
             ... on level 6 of the Dungeon.
             The game lasted 00:06:34 (3555 turns).

gimp the Shield-Bearer (Gargoyle Fighter)           Turns: 3555, Time: 00:06:35

Health: -19/49     AC: 14    Str: 22    XL:     8   Next: 14%
Magic:  8/8        EV: 13    Int:  9    God:    Okawaru [*.....]
Gold:   280        SH: 10    Dex:  9    Spells: 7/7 levels left

rFire    . . .     SeeInvis .   a - +1 war axe
rCold    . . .     Faith    .   c - +0 kite shield
rNeg     + . .     Spirit   .   o - +0 troll leather armour
rPois    ∞         Reflect  .   i - +1 helmet
rElec    +         Harm     .   g - +0 cloak
rCorr    .         Rampage  .   (no gloves)
Will     .....                  (no boots)
Stlth    +.........             (no amulet)
HPRegen  0.56/turn              k - +4 ring of evasion
MPRegen  0.11/turn              (no ring)

@: no status effects
A: negative energy resistance 1, electricity resistance, unbreathing,
petrification resistance, miasma immunity, AC +5
a: Renounce Religion, Heroism


You were on level 6 of the Dungeon.
You worshipped Okawaru.
Okawaru was aware of your devotion.
You visited 2 branches of the dungeon, and saw 7 of its levels.

You collected 280 gold pieces.

Inventory:

Hand Weapons
 a - a +1 war axe (weapon)
Missiles
 e - 15 poisoned darts (quivered)
Armour
 c - a +0 kite shield (worn)
 g - a +0 cloak (worn)
 i - a +1 helmet (worn)
 o - a +0 troll leather armour (worn)
Jewellery
 k - a +4 ring of evasion (left hand)
 q - an uncursed ring of ice
Wands
 r - a wand of disintegration (10)
Scrolls
 f - 2 scrolls of enchant armour
 h - a scroll of enchant weapon
 l - a scroll of remove curse
 m - a scroll of teleportation
 w - a scroll of fear {unknown}
 x - 2 scrolls of noise {unknown}
 y - a scroll of random uselessness {unknown}
Potions
 b - a potion of heal wounds {unknown}
 d - a potion of might
 j - a potion of invisibility
 t - 4 potions of curing


   Skills:
 - Level 5.0 Fighting
 * Level 5.0 Axes
 + Level 5.2 Armour
 * Level 6.6 Shields
 + Level 1.1 Invocations


You had 7 spell levels left.
You didn't know any spells.
Your spell library contained the following spells:

 Spells                   Type           Power        Failure   Level
 Magic Dart               Conj           0%           80%         1
 Searing Ray              Conj           0%           90%         2
 Dazzling Flash           Conj/Hex       0%           99%         3
 Fulminant Prism          Conj/Hex       0%           100%        4
 Iskenderun's Mystic Bla  Conj/Tloc      0%           100%        4


Dungeon Overview and Level Annotations

Branches:
Dungeon (6/15)             Temple (1/1) D:4

Altars:
Ashenzari
Cheibriados
Dithmenos
Elyvilon
Fedhas
Gozag
Kikubaaqudgha
Nemelex Xobeh
Okawaru
Qazlal
Sif Muna
Trog
Vehumet
Wu Jian
Zin
The Shining One

Annotations:
D:2 Sigmund


Innate Abilities, Weirdness & Mutations

You are resistant to torment.
Your stone body is resilient. (AC +5)
You are immune to poison.
You resist negative energy. (rN+)
You are resistant to electric shocks. (rElec)
You can survive without breathing.
You are immune to petrification.
You are immune to miasma.


Message History

Ouch! That really hurt!
* * * LOW HITPOINT WARNING * * *
You are engulfed in blazing flames.
* * * LOW HITPOINT WARNING * * *
You hear an angry hiss.
You hear a shout!
You block the wight's attack. The wight hits you with a +2 spear.
* * * LOW HITPOINT WARNING * * *
The wight closely misses you.
Your Axes skill increases to level 5!
Your Invocations skill increases to level 1!
You have reached level 8!
You feel clever.
You take 33 damage, and have 9/49 hp.
MASSIVE DAMAGE!!
MP restored: 8
Okay, then.
Unknown command.
Okay, then.
You are engulfed in blazing flames.
Ouch! That really hurt!
You die...

**#*,,,,,,........,,,,,,,,,,,,,,*
,,..,**,,**.S....##,**,,,<,,,,***
,,...#**,**,......*,,,,,,,,,,,,,,
,,.....,,**##....####,,*,,**,,,,,
,,.....§####.,.......,,******,,,,
,,.....§5§#..,#..$.,,,,,,**,,,**,
,,.J...§§§##.##zz#,,,,,,,,,,,,***
,,.....§§§§#J.§§§#*,,,,,,,*,,,,*,
,,............§§@#,,,,,,*****,,,,
,,........§§....§......#* *,,,,
,,..=.....[.........#..# *,,,,
,,................###,,** *,,,*
,,................#**,,,*****,,,*
,,,,,,.............#*,,*,**,,,***
,*,,,*#....#.........,,,,,,,,,,,*
,*,,,,.....#..#.....#****,,,,,,,*
,*,,,,*,,,,*,**,,,,,,,***,,,,,,,,


You could see 2 wights, an ooze and an adder (inner flame).

Vanquished Creatures
  Edmund (D:4)
  A sky beast (D:5)
  A black bear (D:6)
  An ogre (D:5)
  A wight (D:6)
  2 howler monkeys
  4 hounds
  2 orc priests
  A centaur skeleton (D:4)
  2 orc wizards
  A worker ant (D:5)
  5 adders
  2 shadow imps (D:5)
  A white imp (D:4)
  An ufetubus (D:6)
  An adder skeleton (D:4)
  7 worms
  4 dart slugs
  2 leopard geckos (D:3)
  7 orcs
  A ball python (D:2)
  2 giant cockroaches
  8 hobgoblins
  8 jackals
  3 kobolds
  A quokka (D:4)
  10 bats
  3 frilled lizards
  9 goblins
  4 rats
96 creatures vanquished.

Notes
Turn   | Place    | Note
-------+----------+-------------------------------------------
     0 | D:1      | gimp the Gargoyle Fighter began the quest for the Orb.
     0 | D:1      | Reached XP level 1. HP: 14/14 MP: 1/1
   342 | D:1      | Reached XP level 2. HP: 19/19 MP: 2/2
   523 | D:1      | Found a sparkling altar of Nemelex Xobeh.
   735 | D:1      | Reached XP level 3. HP: 22/23 MP: 3/3
   923 | D:2      | Reached skill level 4 in Shields
   923 | D:2      | Reached XP level 4. HP: 23/29 MP: 4/4
  1029 | D:2      | Noticed Sigmund
  1042 | D:2      | Found an ornate altar of the Wu Jian Council.
  1457 | D:3      | Reached XP level 5. HP: 33/33 MP: 5/5
  1836 | D:4      | Reached skill level 5 in Shields
  1836 | D:4      | Reached XP level 6. HP: 38/38 MP: 6/6
  2260 | D:4      | Found a staircase to the Ecumenical Temple.
  2285 | Temple   | Entered the Ecumenical Temple
  2444 | Temple   | Became a worshipper of Warmaster Okawaru
  2711 | D:4      | Noticed Edmund
  2728 | D:4      | Killed Edmund
  2729 | D:4      | Reached XP level 7. HP: 28/44 MP: 7/7
  2868 | D:5      | Entered Level 5 of the Dungeon
  3172 | D:5      | Reached skill level 6 in Shields
  3194 | D:5      | Reached skill level 5 in Fighting
  3194 | D:5      | Reached skill level 5 in Armour
  3554 | D:6      | Reached * piety under Okawaru
  3555 | D:6      | Reached skill level 5 in Axes
  3555 | D:6      | Reached skill level 1 in Invocations
  3555 | D:6      | Reached XP level 8. HP: 9/49 MP: 8/8
  3555 | D:6      | Engulfed by a cloud of flame

Illustrated notes

Levels and vault maps discovered:
D:1:      elethiomel_arrival_infinity_welcomes_careful_drivers, layout_rooms,
          nemelex_xobeh_ov_fountains_minmay
D:2:      layout_rooms, lemuel_crystal_altar, uniq_sigmund
D:3:      layout_rooms, corner_web_ring
D:4:      layout_basic, minmay_temple_entry_offerings, uniq_edmund
D:5:      layout_loops_ring
D:6:      layout_cave_pools, dancing_weapons_uskayaw, gup_sewer_entry_spiral
Temple:   regret_index_temple_waves

Skill      XL: |  1  2  3  4  5  6  7 |
---------------+----------------------+-----
Axes           | 2 3 4 5 |  5.0
Shields        | 4 5 6 |  6.6
Fighting       | 4 5 |  5.0
Armour         | 4 5 |  5.2
Invocations    | 1 |  1.1

Action                   |  1- 3 |  4- 6 |  7- 9 || total
-------------------------+-------+-------+-------++-------
Melee: War axe           |    87 |   190 |   112 ||   389
Throw: Dart              |    11 |     1 |       ||    12
  Use: Scroll            |       |       |    11 ||    11
Armor: Scale mail        |   102 |    13 |       ||   115
       Troll leather arm |       |    64 |    39 ||   103
Dodge: Dodged            |    47 |    90 |    71 ||   208
Block: Kite shield       |    80 |   104 |    57 ||   241
